[Event "*** Titled Tuesday Blitz"]
[Site "Chess.com"]
[Date "2021.04.27"]
[Round "9"]
[White "AlexSuv"]
[Black "MarcoRiehle"]
[Result "1-0"]
[WhiteElo "2588"]
[BlackElo "2702"]
[TimeControl "180+1"]
[EndTime "11:44:12 PDT"]
[Termination "AlexSuv won by checkmate"]

1. d4 d5 2. c4 e6 3. Nc3 c5 4.
cxd5 cxd4 5. Qa4+ Bd7 6. Qxd4 exd5 7. Nf3 Nc6 8. Qd1 Nf6 9. e3 Be6 10. Be2 Bd6 11. O-O O-O 12. Nb5 Bb8 13. b3 Ne4 14. Bb2 a6 15. Nbd4 Qd6 16. Nxc6 bxc6 17. Be5 Qd7 18. Bxb8 Nc3 19. Qd2 Nxe2+ 20. Qxe2 Rfxb8 21. Rfc1 Qd6 22. Qc2 Rc8 23. Qc5 Qxc5 24. Rxc5 a5 25. Rac1 a4 26. b4 d4 27. Nxd4 Bxa2 28. Nxc6 Kf8 29.
b5 Rc7 30. Nb4 Rxc5 31. Rxc5 Bb3 32. b6 Rb8 33. Rb5 g6 34. Nc6 Rb7 35. Na5 Rb8 36. Nxb3 axb3 37. Rxb3 Ke7 38. h4 Kd6 39. Kh2 Kc6 40. Kg3 Kb7 41. Kf4 f6 42. Rd3 Rg8 43.
Rd7+ Kxb6 44. Rxh7 Kc6 45. Rf7 Kd6 46. Rxf6+ Ke7 47.
Kg5 Rh8 48. Rxg6 Rf8 49. f4 Rc8 50. e4 Kf7 51. e5 Ke7 52. g4 Kd7 53. h5 Rf8 54. h6 Kc7 55. f5 Kb7 56. e6 Rc8 57.
Rg7+ Ka6 58. h7 Kb5 59. Rg8 Rc2 60. h8=Q Kb4 61. Qd4+ Kb3 62. Rb8+ Ka3 63. Qa7# 1-0

[Event "*** Titled Tuesday Blitz"]
[Site "Chess.com"]
[Date "2021.04.27"]
[Round "9"]
[White "rachidhuilda"]
[Black "Gmedmundo"]
[Result "1-0"]
[WhiteElo "2288"]
[BlackElo "2417"]
[TimeControl "180+1"]
[EndTime "11:44:12 PDT"]
[Termination "rachidhuilda won on time"]

1. d4 Nf6 2. Bg5 e6 3. e4 h6 4. Bxf6 Qxf6 5. c3 d6 6. Nd2 g6 7. Bd3 Bg7 8. Ne2 Qe7 9. O-O Nd7 10. a4 O-O 11. f4 c5 12. Nf3 Nf6 13. Ng3 Bd7 14.
Qe2 Rac8 15. Bb5 cxd4 16. cxd4 a6 17. Bxd7 Qxd7 18. f5 exf5 19. exf5 g5 20. h4 Rfe8 21. Qd2 g4 22. Nh2 Ne4 23. Nxe4 Rxe4 24. f6 Bf8 25. Rf4 Rce8 26. Raf1 Qxa4 27. Rxg4+ Rxg4 28. Nxg4 Qc4 29. Nxh6+ Kh7 30. Nf5 Re2 31. Qf4 Rxb2 32. Qg4 Qe2 33. Rf3 Qd2 34. Rg3 Qc1+ 35. Kh2 Rxg2+ 36. Rxg2 Qf4+ 37.
Qxf4 d5 38. Qg4 Bd6+ 39. Qf4 Bxf4+ 40. Kh3 Bh6 41. Rb2 Bf4 42. Rxb7 Kg6 43. Ne7+ Kxf6 44.
Nxd5+ Kf5 45. Nxf4 Kxf4 46. Rb6 Ke4 47. Rxa6 f5 48. Rf6 Kxd4 49. h5 Ke5 50. Rf8 Ke6 51. h6 Ke7 52. Rxf5 Ke6 53. Rf1 Ke5 54. h7 1-0

[Event "*** Titled Tuesday Blitz"]
[Site "Chess.com"]
[Date "2021.04.27"]
[Round "9"]
[White "MIJuanReyesRosa"]
[Black "Kildepiotr"]
[Result "1/2-1/2"]
[WhiteElo "2069"]
[BlackElo "2595"]
[TimeControl "180+1"]
[EndTime "11:44:12 PDT"]
[Termination "Game drawn by repetition"]

1. d4 c5 2. dxc5 e6 3. c4 Bxc5 4. a3 a5 5. Nf3 Nf6 6. e3 Nc6 7.
Nc3 O-O 8. b3 d5 9. Bb2 d4 10.
exd4 Nxd4 11. Nxd4 Bxd4 12. Be2 e5 13. O-O Be6 14.
Qc2 Qb6 15. Na4 Qa7 16. c5 Rad8 17. Rad1 Qb8 18. b4 axb4 19. axb4 Bg4 20. h3 Bxe2 21.
Qxe2 Rfe8 22. Nb6 Qc7 23. Rfe1 Qc6 24. Nc4 Re6 25. Nxe5 Qe4 26. Qxe4 Nxe4 27. Bxd4 Ng5 28. Bb2 Rxd1 29. Rxd1 h6 30. Nf3 Ne4 31. Re1 f5 32.
Nd2 Ra6 33. Nxe4 fxe4 34. Rxe4 Ra2 35. Re2 Kf7 36. b5 Ra5 37. c6 Rxb5 38. cxb7 Rxb7 39. Kh2 g5 40. g4 Rb3 41. Kg2 Rd3 42. Be5 Rb3 43. Bg3 Rd3 44. h4 Rb3 45. hxg5 hxg5 46. Rd2 Rb5 47. Rc2 Kf6 48. Rc6+ Kf7 49. Rc7+ Kf6 50.
Rc6+ Kf7 51. Rc7+ Kf6 52. Rc6+ 1/2-1/2

[Event "*** Titled Tuesday Blitz"]
[Site "Chess.com"]
[Date "2021.04.27"]
[Round "9"]
[White "riospm"]
[Black "queen_iryna"]
[Result "1-0"]
[WhiteElo "2539"]
[BlackElo "2398"]
[TimeControl "180+1"]
[EndTime "11:44:14 PDT"]
[Termination "riospm won by resignation"]

1. e4 d6 2. d4 Nf6 3. Nc3 e5 4. Nf3 Nc6 5. Bb5 exd4 6. Nxd4 Bd7 7. Bxc6 bxc6 8. O-O Be7 9. b3 O-O 10. Bb2 c5 11. Nde2 Bc6 12. f3 Nd7 13. Nf4 Bf6 14.
Rb1 c4 15. Ncd5 Bxb2 16. Rxb2 cxb3 17. cxb3 Nf6 18. Rc2 Bxd5 19. Nxd5 Nxd5 20. Qxd5 a5 21. Rfc1 Ra7 22. Qd4 c5 23. Qc4 a4 24. Rd2 axb3 25. axb3 Qb6 26. Rcd1 Rb7 27. Rxd6 Qxb3 28. Qxc5 g6 29. Rd8 Rxd8 30. Rxd8+ Kg7 31. Qf8+ Kf6 32. Qh8+ Kg5 33. Qe5+ Kh6 34. h4 Qb6+ 35. Qd4 Qxd4+ 36. Rxd4 Kg7 37. Kh2 h5 38. Kg3 Rb2 39. Rd1 Ra2 40. Rg1 Rb2 41. Kf4 Ra2 42. g4 hxg4 43.
Rxg4 Rh2 44. Kg3 Rh1 45. Rg5 Kf6 46. Rb5 Rg1+ 47. Kf4 Rh1 48. Kg3 Rg1+ 49. Kh2 Rf1 50. Kg2 Ra1 51. h5 gxh5 52. Rxh5 Ra3 53. Kg3 Kg6 54.
Rb5 Kf6 55. Kg4 Rc3 56. Rb6+ Kg7 57. e5 Ra3 58. f4 Kf8 59. Kg5 Ke7 60. f5 Rg3+ 61.
Kf4 Rg1 62. Rb7+ Ke8 63. Rb3 Rf1+ 64. Kg5 Ra1 65. Rb8+ Ke7 66. Rb7+ Ke8 67. Kf6 Ra6+ 68. e6 fxe6 69. fxe6 Kd8 70. Rh7 Ra1 71. Rh8+ Kc7 72.
Ke7 Rf1 73. Rh2 Rc1 74. Kf7 Rf1+ 75. Ke8 Kd6 76. e7 Rd1 77. Rh6+ Kc7 78. Kf7 Rf1+ 79. Rf6 1-0

[Event "*** Titled Tuesday Blitz"]
[Site "Chess.com"]
[Date "2021.04.27"]
[Round "9"]
[White "Das_Virus_2020"]
[Black "picturesquecheck"]
[Result "1-0"]
[WhiteElo "2518"]
[BlackElo "2311"]
[TimeControl "180+1"]
[EndTime "11:44:14 PDT"]
[Termination "Das_Virus_2020 won by resignation"]

1. e4 c5 2. c3 d5 3. exd5 Qxd5 4. d4 Nc6 5. Nf3 Bf5 6. Nbd2 cxd4 7. Bc4 Qd7 8. Nxd4 Nxd4 9. cxd4 e6 10. Qe2 a6 11. d5 Nf6 12. dxe6 Bxe6 13. Bxe6 Qxe6 14.
Qxe6+ fxe6 15. O-O Kf7 16. Nf3 h6 17. Ne5+ Kg8 18.
Ng6 Re8 19. Nxh8 Kxh8 20. Be3 Nd5 21. Rac1 Bd6 22. a3 b6 23. g3 Nxe3 24. fxe3 Bc5 25.
Kf2 a5 26. Ke2 e5 27. Rf7 Rd8 28. Rd1 Rxd1 29. Kxd1 Bxe3 30. b3 Bc5 31. a4 Kg8 32. Rd7 Kh7 33. Ke2 Kg6 34. Kf3 Kf6 35. Ke4 Bg1 36.
h3 Bf2 37. g4 Bc5 38. Kd5 g6 39. Ke4 h5 40. Rd5 hxg4 41. hxg4 Bd4 42. Rd6+ Kg5 43. Kf3 Bc5 44. Re6 Bd4 45. Kg3 Kh6 46. Kh4 Bf2+ 47. Kh3 Bd4 48. Kg3 Kg7 49. Kf3 Kh6 50. Re8 Kg5 51.
Kg3 Bc5 52. Rxe5+ Kf6 53. Re2 g5 54. Kf3 Bd4 55. Ke4 Bc5 56. Rh2 Kg6 57. Rh8 Kf6 58. Rc8 Ke6 59. Rc6+ Kd7 60. Kd5 Be3 61. Rg6 Kc7 62.
Ke4 Bf4 63. Kf5 Kb7 64. Rxg5 Bxg5 65. Kxg5 Kc6 66. Kf5 Kc5 67. g5 Kb4 68. g6 Kxb3 69.
g7 Kxa4 70. g8=Q b5 71. Qa2+ Kb4 72. Ke4 a4 73. Kd3 a3 74. Kc2 Ka4 75. Qb3+ Ka5 1-0

[Event "*** Titled Tuesday Blitz"]
[Site "Chess.com"]
[Date "2021.04.27"]
[Round "9"]
[White "McCarthyStone"]
[Black "eltrain1971"]
[Result "1-0"]
[WhiteElo "2345"]
[BlackElo "2224"]
[TimeControl "180+1"]
[EndTime "11:44:14 PDT"]
[Termination "McCarthyStone won on time"]

1. Nf3 Nf6 2. b3 e6 3. Bb2 c5 4.
e3 d5 5. Be2 Bd6 6. Ne5 O-O 7.
O-O Nbd7 8. f4 Qc7 9. Nxd7 Bxd7 10. Bxf6 gxf6 11. Qe1 f5 12. Qh4 Qd8 13. Qh6 Kh8 14. Bh5 Qe7 15. Nc3 Rg8 16. Rf3 Rg7 17. Kf2 Rag8 18. Rg3 Qd8 19. Nxd5 Rxg3 20. hxg3 Bf8 21.
Qf6+ Bg7 22. Qxd8 Rxd8 23. Nc3 Be8 24. Rd1 Bxc3 25. dxc3 Rxd1 26. Bxd1 Kg7 27. Bf3 b6 28. g4 fxg4 29. Bxg4 f5 30. Bf3 Kf6 31. a4 a5 32.
Ke2 e5 33. fxe5+ Kxe5 34. Kd3 Bf7 35. g3 h6 36. Bc6 Be6 37. Bb5 Bd5 38. Bc4 Be4+ 39.
Kd2 Bf3 40. Bd3 Bc6 41. Kc1 Bf3 42. Kb2 Bd5 43. Ka3 Be6 44. Kb2 Bd5 45. Kc1 Be6 46. Kd2 Bd5 47. Ke2 Bc6 48. Kf2 Bd5 49. Kg1 Kf6 50.
Kh2 Kg5 51. Kh3 Bc6 52. Kh2 Bd5 53. Kg1 Bc6 54. Kf2 Kf6 55. Be2 Ke5 56. g4 fxg4 57.
Bxg4 Be4 58. Bd1 Kf6 59. Kg3 Kg5 60. Bf3 Bxc2 61. Bd5 h5 62. e4 h4+ 63. Kf3 Bd1+ 64. Ke3 h3 65. e5 Kf5 66. e6 Kf6 67. Kf4 1-0

[Event "*** Titled Tuesday Blitz"]
[Site "Chess.com"]
[Date "2021.04.27"]
[Round "9"]
[White "Nafania1"]
[Black "Korchmar_Vasiliy"]
[Result "1-0"]
[WhiteElo "2571"]
[BlackElo "2676"]
[TimeControl "180+1"]
[EndTime "11:44:17 PDT"]
[Termination "Nafania1 won on time"]

1. e4 c5 2. Nf3 d6 3. Bb5+ Nc6 4.
O-O Bd7 5. Re1 Nf6 6. c3 e6 7. d4 Be7 8. d5 Ne5 9. Bxd7+ Nexd7 10. dxe6 fxe6 11. Qb3 d5 12. exd5 exd5 13. Qxb7 O-O 14.
Qc6 h6 15. Bf4 Rf7 16. Nbd2 Rc8 17. Qe6 Nf8 18. Qe2 Ng6 19. Bg3 Bd6 20. Qe6 Bxg3 21.
hxg3 Nf8 22. Qe2 Ng6 23. Qe6 Nf8 24. Qe2 Qb6 25. b3 Re8 26. Qd3 Rfe7 27. Rxe7 Rxe7 28. Re1 Rxe1+ 29. Nxe1 Qa5 30. a4 Ne6 31. Nef3 Qb6 32. c4 d4 33. Ne4 Nd7 34. Ned2 Nf6 35. Qf5 Nf8 36. Qc8 Qb4 37. Qc7 a5 38. Qc6 Qa3 39.
Qc8 h5 40. Qf5 Qc1+ 41. Nf1 Qd1 42. Ne5 Qxb3 43. Nc6 Qxa4 44. Ne7+ Kf7 45. Nd5 Qxc4 46. Nxf6 gxf6 47. Qxh5+ Ng6 48. Qh7+ Ke6 49. Qxg6 d3 50. Qe8+ Kd6 51. Qe3 Qd4 52. Qd2 1-0

[Event "*** Titled Tuesday Blitz"]
[Site "Chess.com"]
[Date "2021.04.27"]
[Round "9"]
[White "WPWPWP-2015"]
[Black "Matols"]
[Result "1-0"]
[WhiteElo "2419"]
[BlackElo "2264"]
[TimeControl "180+1"]
[EndTime "11:44:18 PDT"]
[Termination "WPWPWP-2015 won on time"]

1. d4 Nf6 2. Nd2 d5 3. Ngf3 e6 4. e3 Be7 5. Bd3 O-O 6. O-O c5 7. dxc5 Bxc5 8. b3 Nc6 9. Bb2 Re8 10. e4 b6 11. e5 Nd7 12. a3 Bb7 13. Re1 Rc8 14.
Nf1 Bf8 15. Qd2 Nc5 16. Bxh7+ Kxh7 17. Ng5+ Kg6 18. h4 Be7 19. h5+ Kxh5 20. Nxf7 Qc7 21. Qf4 Ne4 22. Re3 g5 23. Qh2+ Kg6 24. Qh6+ Kxf7 25.
Qh7+ Kf8 26. Qh8+ Kf7 27. Qh7+ Kf8 28. Rf3+ Bf6 29. Qh8+ Kf7 30. Qh5+ Kf8 31. exf6 Kg8 32. Rh3 e5 33. Qh8+ Kf7 34. Qh5+ Ke6 35. Qg4+ Kd6 36.
c4 Nxf6 37. Qxg5 Rf8 38. Rh6 Qe7 39. cxd5 Nd4 40. Bxd4 exd4 41. Nd2 Bxd5 42. Rd1 Kc7 43. Qf4+ Kb7 44. Qxd4 Bc6 45. Nf1 Rcd8 46. Qa1 Rxd1 47.
Qxd1 Ne4 48. Ne3 Nxf2 49. Qe2 Ne4 50. Nc4 Qc5+ 51. Kh2 Nf2 52. Qe6 1-0

[Event "*** Titled Tuesday Blitz"]
[Site "Chess.com"]
[Date "2021.04.27"]
[Round "9"]
[White "LamaChampetre"]
[Black "HanSchut"]
[Result "1-0"]
[WhiteElo "2216"]
[BlackElo "2272"]
[TimeControl "180+1"]
[EndTime "11:44:18 PDT"]
[Termination "LamaChampetre won by resignation"]

1. d4 Nf6 2. c4 g6 3. Nc3 d5 4.
cxd5 Nxd5 5. e4 Nxc3 6. bxc3 Bg7 7. Be3 c5 8. Nf3 Qa5 9. Qd2 Nc6 10. Rb1 a6 11. Rc1 cxd4 12. cxd4 Qxd2+ 13. Kxd2 O-O 14. d5 Rd8 15. Kc2 Ne5 16. Nxe5 Bxe5 17. f4 Bg7 18.
Bb6 Rd6 19. Bc5 Rd7 20. g3 Rc7 21. Kb3 Bg4 22. Bd3 f5 23. d6 exd6 24. Bxd6 Rxc1 25.
Rxc1 Rd8 26. Bc4+ Kh8 27. Bc7 Rc8 28. Bd5 fxe4 29. Bxb7 Be6+ 30. Ka4 Re8 31. Bc6 Bd7 32. Bxd7 Re7 33. Rd1 e3 34. Ba5 e2 35. Rc1 Rxd7 36. Rc8+ Bf8 37. Rxf8+ Kg7 38. Re8 Rd4+ 39. Kb3 Rd3+ 40. Kc2 Ra3 41. Bc3+ Kf7 42. Rxe2 Rxa2+ 43. Kd3 Rxe2 44. Kxe2 Ke6 45. Kd3 Kf5 46. Ke3 Kg4 47. Kf2 Kh3 48. Kg1 h5 49. Ba5 h4 50. Be1 hxg3 51.
hxg3 a5 52. Kf2 a4 53. Bc3 Kg4 54. Ba1 a3 55. Kg2 a2 56. Kf2 g5 57. Ke3 Kf5 58. Kf3 g4+ 59. Ke3 Ke6 60. Ke4 Kf7 61. f5 1-0

[Event "*** Titled Tuesday Blitz"]
[Site "Chess.com"]
[Date "2021.04.27"]
[Round "9"]
[White "pastouche06"]
[Black "Rsnr"]
[Result "0-1"]
[WhiteElo "2568"]
[BlackElo "2756"]
[TimeControl "180+1"]
[EndTime "11:44:19 PDT"]
[Termination "Rsnr won on time"]

1. d4 d5 2. c4 c6 3. Nf3 Nf6 4. Qc2 g6 5. Bf4 Bg7 6. e3 O-O 7. Nc3 c5 8. dxc5 Qa5 9. Rd1 dxc4 10. Bxc4 Qxc5 11. Qb3 Nc6 12. Ng5 e6 13. Nge4 Nxe4 14. Nxe4 Qa5+ 15. Nc3 Ne5 16. Be2 b6 17. O-O Bb7 18. Rd2 Rad8 19. Rfd1 Rxd2 20. Rxd2 h6 21. h3 Bc6 22. a3 Qc5 23. Rd1 Qe7 24. Nb5 Bd5 25. Qa4 a5 26. Nc3 Bc6 27. Qb3 Qb7 28. Bf1 g5 29. Bh2 Rc8 30. Nb5 Bd5 31.
Qa4 Qc6 32. Nc3 Qxa4 33. Nxa4 Bb3 34. Nxb6 Rb8 35. Rd6 Bf8 36. Rd2 Rxb6 37. Bxe5 Bd5 38. Bc3 a4 39. Rd4 Bg7 40. Rxa4 Bxc3 41. bxc3 Rb1 42. f3 Bc6 43. Rb4 Ra1 44. Kf2 Ra2+ 45. Kg3 Rxa3 46. c4 Rxe3 47. Rb6 Be8 48. Rb8 Kf8 49.
c5 Ke7 50. Rb7+ Kf6 51. Bb5 Rb3 52. c6 Rc3 53. Rb8 Ke7 54. c7 Bxb5 0-1

[Event "*** Titled Tuesday Blitz"]
[Site "Chess.com"]
[Date "2021.04.27"]
[Round "9"]
[White "sm_sharon"]
[Black "kakorrhaphiophobie"]
[Result "1/2-1/2"]
[WhiteElo "2150"]
[BlackElo "2289"]
[TimeControl "180+1"]
[EndTime "11:44:26 PDT"]
[Termination "Game drawn by repetition"]

1. e4 e6 2. d4 d5 3. Nd2 c5 4.
Ngf3 cxd4 5. Nxd4 Nc6 6. N4f3 Nf6 7. Bd3 dxe4 8. Nxe4 Nxe4 9. Bxe4 Qxd1+ 10. Kxd1 Bd7 11.
c3 f5 12. Bd3 e5 13. Nxe5 Nxe5 14. Re1 O-O-O 15. Rxe5 Bd6 16. Re2 Bxh2 17. Bg5 Ba4+ 18.
Kd2 Bb5 19. Bxd8 Rxd8 20. c4 Bxc4 21. Rc1 Rxd3+ 22. Ke1 b5 23. b3 Bf4 24. Rcc2 Kd7 25. bxc4 bxc4 26. Rxc4 Bd6 27. Rd2 Rxd2 28. Kxd2 h5 29.
Ra4 Bc5 30. f3 Bb6 31. Kd3 Ke6 32. Rc4 g5 33. Rc6+ Ke5 34. Rh6 h4 35. a4 Kf4 36.
Ke2 Kg3 37. Kf1 g4 38. fxg4 fxg4 39. Rh5 h3 40. gxh3 gxh3 41. a5 Be3 42. a6 h2 43.
Rh7 Bg1 44. Rh8 Kf3 45. Rf8+ Ke4 46. Kg2 Kd5 47. Rf6 Kc5 48. Rh6 Kb5 49. Kh1 Ka5 50. Kg2 Kb5 51. Kh1 Ka5 52. Kg2 Kb4 53. Kh1 Ka4 54.
Kg2 Ka5 55. Kh1 Kb5 56. Kg2 Ka5 57. Kh1 Kb5 58. Kg2 Ka5 1/2-1/2

[Event "*** Titled Tuesday Blitz"]
[Site "Chess.com"]
[Date "2021.04.27"]
[Round "9"]
[White "PavelShkapenko"]
[Black "TimofeevAr"]
[Result "1/2-1/2"]
[WhiteElo "2674"]
[BlackElo "2816"]
[TimeControl "180+1"]
[EndTime "11:44:27 PDT"]
[Termination "Game drawn - insufficient material"]

1. e4 d5 2. exd5 Nf6 3. Bb5+ Bd7 4. Be2 Nxd5 5. d4 g6 6. c4 Nf6 7. h3 Bg7 8. Nf3 O-O 9. O-O c5 10. d5 e6 11. Nc3 exd5 12. cxd5 Re8 13. Be3 b6 14. a4 Bf5 15. Nd2 h5 16. Nc4 Ne4 17.
Nxe4 Bxe4 18. d6 Nc6 19. Bf3 Nd4 20. Bxe4 Rxe4 21. Qd3 Re6 22. Rfe1 Qd7 23. Bd2 Rae8 24. Rxe6 Rxe6 25. Re1 Rxe1+ 26. Bxe1 Bf8 27. Bc3 Bxd6 28. Bxd4 cxd4 29. b3 Bc5 30. Nd2 Qd5 31. Ne4 Kg7 32. h4 Bb4 33. g3 a6 34. Ng5 b5 35. axb5 axb5 36. Ne4 Qe5 37. Ng5 Bc3 38. Qf3 Qf5 39. Qxf5 gxf5 40. Kf1 d3 41. Nh3 Bd2 42. Ng1 Kf6 43.
Nf3 Bc3 44. Ng5 b4 45. f4 Bd4 46. Nf3 Be3 47. Ne5 d2 48. Ke2 Bf2 49. Kxd2 Bxg3 50. Ke3 Bxh4 51. Nd3 Bg3 52. Nxb4 h4 53. Kf3 Be1 54.
Nd3 Bc3 55. b4 Ke6 56. b5 Kd6 57. Nc1 Kc5 58. Ne2 Bf6 59. Ng1 Kxb5 60. Nh3 Kc4 61.
Nf2 Kd4 62. Nd1 Kd3 63. Ne3 h3 64. Nxf5 h2 65. Kg2 Ke4 66. Nh6 Kxf4 67. Nxf7 h1=Q+ 68. Kxh1 1/2-1/2

[Event "*** Titled Tuesday Blitz"]
[Site "Chess.com"]
[Date "2021.04.27"]
[Round "9"]
[White "Kislov_Oleg"]
[Black "Kretov_Evgenij"]
[Result "1/2-1/2"]
[WhiteElo "2506"]
[BlackElo "2649"]
[TimeControl "180+1"]
[EndTime "11:44:27 PDT"]
[Termination "Game drawn by agreement"]

1. e4 c5 2. Nf3 Nc6 3. c3 Nf6 4.
e5 Nd5 5. d4 cxd4 6. cxd4 d6 7.
Bc4 e6 8. O-O a6 9. a3 Be7 10. Qe2 dxe5 11. dxe5 b5 12. Ba2 Bb7 13. Rd1 Qc7 14. Bxd5 exd5 15. Nc3 d4 16. Nd5 Qd8 17. Nf6+ Kf8 18. Ne4 Qd5 19. Bg5 Bxg5 20. Nexg5 Re8 21. Qd3 h6 22. Ne4 Nxe5 23. Nxe5 Qxe5 24. f3 Bxe4 25. fxe4 Qxe4 26. Qxd4 Qxd4+ 27. Rxd4 g6 28. Rd6 Re2 29. Rf1 Kg7 30. Rxa6 Rxb2 31. Ra7 Rf8 32.
Rb7 Rb3 33. Rf3 Rxf3 34. gxf3 Ra8 35. Rxb5 Rxa3 36. Kg2 g5 37. Kg3 Kg6 38. h3 h5 39.
Rb6+ f6 40. Rb2 h4+ 41. Kg2 Re3 42. Rd2 Kf5 43. Rc2 Rd3 44. Rc5+ Ke6 45. Rc2 Ke5 46. Kf2 Ra3 47. Rb2 Ra4 48. Rb5+ Kf4 49. Rb2 f5 50. Rc2 Rd4 51. Rb2 Ke5 52. Ra2 Rd3 53. Ra5+ Rd5 54.
Ra2 Rc5 55. Rb2 Rc1 56. Ra2 Rh1 57. Kg2 Rd1 58. Kf2 Rd4 59. Ra5+ Kf4 60. Ra2 g4 61. fxg4 fxg4 62. hxg4 h3 63. Kg1 Kg3 64. Ra3+ Kxg4 65. Kh2 Rd2+ 66. Kh1 1/2-1/2

[Event "*** Titled Tuesday Blitz"]
[Site "Chess.com"]
[Date "2021.04.27"]
[Round "9"]
[White "GoValya"]
[Black "mary-sanna"]
[Result "0-1"]
[WhiteElo "2237"]
[BlackElo "2144"]
[TimeControl "180+1"]
[EndTime "11:44:27 PDT"]
[Termination "mary-sanna won by checkmate"]

1. d4 d5 2. Nf3 e6 3. g3 c5 4.
Bg2 Nf6 5. O-O Nc6 6. c3 h6 7.
Nbd2 cxd4 8. cxd4 Be7 9. a3 O-O 10. b4 a6 11. Bb2 Bd7 12. Nb3 Ne4 13. Nfd2 Nxd2 14. Qxd2 b6 15. e4 dxe4 16. Bxe4 Rc8 17. Rad1 Bg5 18. Qe2 a5 19. d5 exd5 20. Bxd5 axb4 21.
axb4 Nxb4 22. Be4 Qc7 23. Be5 Qc4 24. Qf3 Bc6 25. Bxc6 Qxc6 26. Qf5 Qe6 27. Qxe6 fxe6 28. f4 Bf6 29. Bxf6 gxf6 30. Rfe1 Kf7 31. Nd4 Rfe8 32. f5 e5 33. Ne6 Rc2 34. Rc1 Rxc1 35. Rxc1 Nd5 36. Rd1 Ne3 37. Rd7+ Kg8 38. Rg7+ Kh8 39. Rg6 Nxf5 40. Rxf6 Ng7 41. Nf8 Kg8 42. Ng6 Kh7 43.
Rxb6 e4 44. Kf2 e3+ 45. Ke2 Nf5 46. Nf4 Nd4+ 47. Ke1 Nc2+ 48. Ke2 Nd4+ 49. Ke1 Rc8 50. Rb7+ Kg8 51. Nd3 Rc3 52. Rb8+ Kg7 53. Rb7+ Kf6 54. Rb6+ Kf5 55. Rb5+ Kg4 56. Ne5+ Kh3 57. Kf1 Rc1# 0-1

[Event "*** Titled Tuesday Blitz"]
[Site "Chess.com"]
[Date "2021.04.27"]
[Round "9"]
[White "I_am_a_Miracle"]
[Black "AldokhinIvan"]
[Result "0-1"]
[WhiteElo "2380"]
[BlackElo "2536"]
[TimeControl "180+1"]
[EndTime "11:44:28 PDT"]
[Termination "AldokhinIvan won by resignation"]

1. Nf3 Nf6 2. g3 g6 3. b3 Bg7 4. Bb2 O-O 5. Bg2 Nc6 6. O-O d6 7. d4 Bf5 8. d5 Nb4 9. Nd4 Be4 10.
Bxe4 Nxe4 11. c4 Qd7 12. Nc3 Nf6 13. e3 e5 14. dxe6 fxe6 15. a3 Nc6 16. Qe2 a5 17.
Rad1 e5 18. Nxc6 bxc6 19. b4 axb4 20. axb4 e4 21. f4 exf3 22. Rxf3 Ng4 23. Rdf1 Ne5 24. Rxf8+ Rxf8 25. Rxf8+ Kxf8 26. Ne4 Qf5 27. Bxe5 Qxe5 28. Qf3+ Ke7 29. Qf4 Qa1+ 30. Qf1 Qb2 31. b5 cxb5 32.
cxb5 Qb3 33. Qf3 h6 34. Qg4 g5 35. Qf3 d5 36. Nf2 Qxb5 37. Qf5 Qc4 38. Ng4 Qe4 39.
Qxe4+ dxe4 40. Nf2 Ke6 41. Nxe4 Kd5 42. Nd2 Bc3 43.
Nf3 Ke4 44. Kf2 c5 45. Ke2 c4 46. h3 Bf6 47. g4 c3 48. Ne1 Be5 49. Nc2 Bf6 50.
Nb4 Be7 51. Nc2 Bd8 52. Nb4 Ba5 53. Nc2 Bb6 54. Nb4 Ba7 55. Nc2 Bc5 56. Ne1 Bxe3 57. Nd3 c2 58. Nb2 c1=Q 59. Nd1 Qd2+ 0-1

[Event "*** Titled Tuesday Blitz"]
[Site "Chess.com"]
[Date "2021.04.27"]
[Round "9"]
[White "lamomiablanca"]
[Black "sokidze"]
[Result "1/2-1/2"]
[WhiteElo "2442"]
[BlackElo "2695"]
[TimeControl "180+1"]
[EndTime "11:44:29 PDT"]
[Termination "Game drawn by repetition"]

1. e4 c6 2. d4 d5 3. Nc3 dxe4 4.
Nxe4 Bf5 5. Ng3 Bg6 6. Nf3 e6 7. Bd3 Nf6 8. O-O Be7 9. Re1 O-O 10. Bxg6 hxg6 11. c4 c5 12. dxc5 Qc7 13. Be3 Bxc5 14. Bxc5 Qxc5 15. Qd4 Qxd4 16. Nxd4 a6 17. b4 Rd8 18.
Red1 Nbd7 19. Nb3 Ne5 20. c5 Nd5 21. a3 Nc6 22. Ne4 Kf8 23. g3 Ke7 24. Rac1 Nc7 25.
Nd6 Rab8 26. Nc4 Nd5 27. h4 Nc7 28. Nca5 Nb5 29. Nxc6+ bxc6 30. Na5 Rbc8 31. Rxd8 Kxd8 32. a4 Nd4 33. Rd1 e5 34. f4 Ke7 35. fxe5 Nf3+ 36.
Kf2 Nxe5 37. Re1 f6 38. Nc4 Ke6 39. Nb6 Rd8 40. Re2 Rd4 41. b5 cxb5 42. axb5 axb5 43.
Ke1 b4 44. Kf1 b3 45. Rb2 Rb4 46. Ke2 g5 47. hxg5 fxg5 48. Kd2 Rb5 49. Na4 Nc4+ 50. Kc3 Nxb2 51. Kxb2 Kd5 52. Nc3+ Kxc5 53. Nxb5 Kxb5 54. Kxb3 Kc5 55. Kc3 Kd5 56. Kd3 Ke5 57. Ke3 Kf5 58. Kf3 g4+ 59. Ke3 Ke5 60. Kd3 Kd5 61. Ke3 g5 62. Kd3 Ke5 63. Ke3 Kd5 64. Kd3 Ke5 65. Ke3 Kd5 1/2-1/2

[Event "*** Titled Tuesday Blitz"]
[Site "Chess.com"]
[Date "2021.04.27"]
[Round "9"]
[White "PotapovaM"]
[Black "mjray79"]
[Result "0-1"]
[WhiteElo "2561"]
[BlackElo "2475"]
[TimeControl "180+1"]
[EndTime "11:44:29 PDT"]
[Termination "mjray79 won by resignation"]

1. e4 e5 2. Nf3 Nc6 3. Bb5 a6 4. Ba4 Nf6 5. O-O Be7 6. Qe2 b5 7. Bb3 O-O 8. c3 d5 9. d3 Re8 10. h3 Bf8 11. Rd1 h6 12. Nbd2 Bb7 13. a4 Qd7 14. Nf1 Na5 15. Bc2 c5 16. Ng3 g6 17.
h4 Qg4 18. b3 c4 19. dxc4 dxe4 20. Nh2 Qxh4 21. cxb5 axb5 22. axb5 Bc5 23. b4 Qxg3 24. bxc5 Qxc3 25. Bxh6 Qxc5 26. Rac1 Qc4 27. Qxc4 Nxc4 28. Bb3 Nb2 29. Rd6 Kh7 30. Rxf6 Kxh6 31. Bxf7 Re7 32. Rxg6+ Kh7 33. Rf6 Kg7 34. Ng4 Rxf7 35.
Rxf7+ Kxf7 36. Rc7+ Ke6 37. Rxb7 Nc4 38. Rc7 Kd5 39. Nf6+ Kd4 40. Nxe4 Na3 41. b6 Kxe4 42. f3+ Kd5 43. Rd7+ Kc6 44. Re7 Nc4 45. Kf2 Kxb6 46. g3 Ra2+ 47. Ke1 Kc5 48. f4 Kd6 49. Re8 Kd7 50.
Rg8 e4 51. f5 Ke7 52. Rg4 Nd6 53. Rf4 Kf6 54. g4 Kg5 55. Rf1 Kxg4 56. f6 Ra1+ 57. Ke2 Rxf1 58. Kxf1 Kf3 59. Ke1 e3 60. Kf1 e2+ 61.
Ke1 Nf7 62. Kd2 Kf2 0-1

[Event "*** Titled Tuesday Blitz"]
[Site "Chess.com"]
[Date "2021.04.27"]
[Round "9"]
[White "ShahMatKanal"]
[Black "KeithArkell"]
[Result "0-1"]
[WhiteElo "2418"]
[BlackElo "2598"]
[TimeControl "180+1"]
[EndTime "11:44:29 PDT"]
[Termination "KeithArkell won by checkmate"]

1. e4 c6 2. d3 d5 3. Nd2 g6 4.
g3 Bg7 5. Bg2 Nf6 6. Qe2 O-O 7.
Ngf3 dxe4 8. Nxe4 b6 9. Ne5 Nxe4 10.
Qxe4 Bf5 11. Qe2 Qc8 12. h4 h5 13. Bf4 Be6 14. c4 a6 15. O-O-O Ra7 16. Rhe1 Bg4 17.
Nxg4 Qxg4 18. f3 Qf5 19. Be3 c5 20. g4 Qf6 21. gxh5 Nc6 22. h6 Bh8 23. h5 g5 24. Rg1 Nd4 25. Qd2 Ne6 26. Bh3 Kh7 27.
Bxg5 Nxg5 28. Rxg5 e6 29. Rdg1 Qxh6 30. d4 Bxd4 31. Qd3+ Kh8 32. Rg4 f6 33. f4 fxg5 34.
fxg5 Qh7 35. g6 Qh6+ 36. Kc2 Kg7 37. Kb3 Qe3 38. Qxe3 Bxe3 39. Re4 Bh6 40. Bxe6 Rf3+ 41. Ka4 Re7 42. a3 Rf6 43. Bd5 Rxe4 44. Bxe4 Bc1 45. b4 Rf4 46. Bd5 Rh4 47. bxc5 bxc5 48. Ka5 Bxa3 49. Kxa6 Bb2 50. Kb5 Bd4 51. Bf3 Rh3 52. Bg4 Re3 53. Kc6 Re5 54. Bf3 Rf5 55. Bg4 Rg5 56. Be2 Be3 57. Kb5 Re5 58. Bf3 Kf6 59. Bg4 Rg5 60. Be2 Rg2 61. Bf3 Rg3 62. Be2 Ke6 63.
Bd1 Kd6 64. Bc2 Bh6 65. Bd1 Rg1 66. Bf3 Rb1+ 67. Ka6 Kc7 68. Bd5 Bd2 69. g7 Ra1+ 70. Kb5 Ra5# 0-1

[Event "*** Titled Tuesday Blitz"]
[Site "Chess.com"]
[Date "2021.04.27"]
[Round "9"]
[White "VinzentSpitzl"]
[Black "Gerodot71"]
[Result "0-1"]
[WhiteElo "2401"]
[BlackElo "2566"]
[TimeControl "180+1"]
[EndTime "11:44:29 PDT"]
[Termination "Gerodot71 won by resignation"]

1. e4 e5 2. Nf3 Nc6 3. Bb5 a6 4. Ba4 Nf6 5. O-O Be7 6. Re1 b5 7. Bb3 d6 8. c3 O-O 9. h3 Nb8 10. d4 Nbd7 11. Nbd2 Bb7 12. Bc2 Re8 13. Nf1 Bf8 14.
Ng3 g6 15. a4 Nb6 16. a5 Nbd7 17. Bg5 h6 18. Bd2 Bg7 19. b3 Kh7 20. d5 c6 21. c4 bxc4 22. bxc4 Nc5 23. Be3 Nfd7 24. Nd2 Qc7 25. Nb3 Nxb3 26. Bxb3 Rab8 27. Qd2 Nc5 28.
Bc2 Bc8 29. h4 h5 30. Reb1 Bd7 31. Bxc5 dxc5 32. d6 Qa7 33. Qe3 Bh6 34. Qf3 Be6 35. Ba4 Qd7 36. Qd3 Red8 37. Rb6 Rxb6 38. axb6 Qb7 39. Rb1 Bf8 40. Qf3 Rxd6 41. Qc3 Rd4 42.
Bc2 Be7 43. Bd3 Bxh4 44. Ne2 Rd8 45. g3 Bf6 46. f4 Kg7 47. fxe5 Be7 48. Nf4 Bc8 49.
e6+ Bf6 50. e5 Bg5 51. exf7 Rd4 52. e6 Bxf4 53. gxf4 Bxe6 54. Rd1 Bxf7 55. Be2 Qxb6 56. Bf3 Qd8 57. Re1 Qf6 58. Qe3 Rxf4 59. Bxc6 Rg4+ 60.
Bg2 Rxc4 61. Qe5 Qxe5 62. Rxe5 Rc1+ 0-1